 Dungeon Crawl Stone Soup version 0.28-a0-1227-ga9037bb4c8 (webtiles) character file.

Game seed: 12302901444776899749

200 ChaosChampion the Ruffian (level 5, -6/49 HPs)
             Began as a Draconian Warper on Dec 22, 2021.
             Was an Initiate of Okawaru.
             Killed by divine providence
             ... invoked by an orc priest
              (17 damage)
             ... on level 4 of the Dungeon.
             The game lasted 00:04:37 (3878 turns).

ChaosChampion the Ruffian (Draconian Warper)        Turns: 3878, Time: 00:04:38

Health: -6/49      AC:  6    Str: 14    XL:     5   Next: 48%
Magic:  9/9        EV: 12    Int: 15    God:    Okawaru [......]
Gold:   58         SH:  0    Dex: 12    Spells: 7/9 levels left

rFire   . . .      SeeInvis .     - Unarmed
rCold   . . .      Faith    .   (no shield)
rNeg    . . .      Spirit   .   (armour unavailable)
rPois   .          Reflect  .   (helmet restricted)
rElec   .          Harm     .   r - +0 cloak
rCorr   .          Rampage  .   (no gloves)
Will    .....                   (no boots)
Stlth   +.........              (no amulet)
HPRegen 0.16/turn               (no ring)
MPRegen 0.11/turn               (no ring)

@: lit by a corona, glowing
A: AC +5, unfitting armour, cold-blooded, talons 1, agile 1, robust 1
a: Renounce Religion


You were on level 4 of the Dungeon.
You worshipped Okawaru.
Okawaru was noncommittal.
You visited 2 branches of the dungeon, and saw 5 of its levels.

You collected 118 gold pieces.
You spent 60 gold pieces at shops.

Inventory:

Missiles
 b - 5 boomerangs of dispersal (quivered)
 m - 3 silver boomerangs
Armour
 d - a +2 hat
 q - a +0 pair of boots
 r - a +0 cloak (worn)
Scrolls
 a - 3 scrolls of blinking
 h - a scroll of identify
 l - a scroll of immolation {unknown}
 o - a scroll of fog {unknown}
Potions
 c - 2 potions of lignification
 e - a potion of ambrosia {unknown}
 f - a potion of haste {unknown}
 g - a potion of mutation
 i - 2 potions of cancellation
 j - a potion of flight
 k - a potion of heal wounds
 n - a potion of brilliance
 p - a potion of degeneration
 s - a potion of berserk rage {unknown}


   Skills:
 + Level 3.5 Fighting
 - Level 0.8 Throwing
 - Level 2.1 Dodging
 * Level 3.9 Unarmed Combat
 + Level 2.9 Spellcasting
 + Level 3.8 Translocations


You had 7 spell levels left.
You knew the following spells:

 Your Spells              Type           Power      Damage    Failure   Level
z - Blink                 Tloc           26%        N/A       6%          2

Your spell library contained the following spells:

 Spells                   Type           Power      Damage    Failure   Level
 Gell's Gravitas          Tloc           13%        N/A       13%         3
 Lesser Beckoning         Tloc           13%        N/A       13%         3
 Teleport Other           Tloc           13%        N/A       13%         3
 Scorch                   Fire           4%         2d5       30%         2
 Manifold Assault         Tloc           13%        N/A       75%         5
 Flame Wave               Conj/Fire      2%         2d4       90%         4
 Summon Cactus Giant      Summ           Unusable   N/A       N/A         6

Dungeon Overview and Level Annotations

Branches:
Dungeon (4/15)             Temple (1/1) D:4

Altars:
Ashenzari
Cheibriados
Dithmenos
Elyvilon
Fedhas
Gozag
Kikubaaqudgha
Makhleb
Nemelex Xobeh
Okawaru
Sif Muna
Uskayaw
Vehumet
Wu Jian
Xom
Yredelemnul
Zin

Shops:
D:3 ?


Innate Abilities, Weirdness & Mutations

Your plain brown scales are hard. (AC +5)
You cannot fit into any form of body armour.
You are cold-blooded and may be slowed by cold attacks.
You have sharp toenails.
You are agile. (Dex +2)
You are robust. (+10% HP)


Message History

The gnoll misses you.
You barely miss the gnoll shaman. Your kick misses the gnoll shaman.
The gnoll barely misses you. x2
You hit the gnoll shaman. You claw the gnoll shaman.
You tail-slap the gnoll shaman, but do no damage.
The gnoll shaman is moderately wounded.
The gnoll hits you from afar with a +0 spear.
The gnoll shaman calls upon its god to heal the gnoll.
The gnoll is healed somewhat.
The gnoll closely misses you.
You closely miss the gnoll shaman.
The gnoll shaman is moderately wounded.
The gnoll hits you from afar with a +0 spear.
The gnoll shaman calls upon its god to heal the gnoll.
The gnoll's wounds heal themselves!
The gnoll closely misses you.
The gnoll shaman calls upon its god to speed up the gnoll.
The gnoll seems to speed up.
The gnoll hits you from afar with a +0 spear.
The gnoll shaman hits you with a +0 club!
The gnoll barely misses you.
The gnoll hits you from afar with a +0 spear.
You see here a +2 hat.
d - a +2 hat
There is a fountain of clear blue water here.
The gnoll shaman calls down the wrath of its god upon you.
You are outlined in light.
A hobgoblin comes into view.
An orc comes into view.
It is wielding a +0 dagger. 2 orcs, an orc priest and an orc wizard come into view.
An orc is wielding a +1 trident of protection.
The orc wizard shouts!
The orc shouts!
The orc priest shouts!
The orc misses you. The orc hits you with a +0 club.
The orc hits you from afar with a +1 trident of protection.
The orc hits you with a +0 dagger.
* * * LOW HITPOINT WARNING * * *
The orc wizard mumbles some strange words.
The orc wizard flickers and vanishes!
Deactivating autopickup; reactivate with Ctrl-A.
The orc priest calls down the wrath of Beogh upon you.
Beogh smites you!
You die...

,,,,,,* *,*,,,,,,,,,,,,,,*≈*≈
,,,,,,* *,#.##**********,*≈*≈
,,,,,,* *,#...,,,,,,,,,,,*≈*≈
,<,,,,* *,#..#,***********≈*≈
,,,,,,* *,#..#,,,,,,,,*,,*≈*≈
,,,,,,* *,#..#*******,*,**≈≈≈
,,,,,,* *,#..#,,,,,,,,,,,***≈
,,,,,,* *,#..#,,,,,,,,*,,****
*************,#.@#######***,,,*,*
***** *,,,,,,#.........****+**+*
,,,,* *,**####.o.....#.**,,,,,*,
,,,,* *,*.#...og####...,*,,,,,*,
,,,,* *,#......o..#*,..,+**+**+*
,,,,* *,#.#...#.#.#,,,,,*,,*,,,,
,,,,* *,#,#...#o#.#,,,,,*,,*+***
***** *,*,#..##.#.#,,,,,*,,*,,,,
***** *,*,#..*#{#.#,,,,,+,,+,,_,


You could see an orc priest, 3 orcs and a hobgoblin.

Vanquished Creatures
  A water moccasin skeleton (D:4)
  5 gnolls
  3 adders (D:2)
  2 orcs (D:3)
  5 endoplasms
  4 giant cockroaches
  10 goblins
  5 hobgoblins
  9 jackals
  6 kobolds
  A quokka (D:4)
  6 ball pythons
  6 bats
  2 frilled lizards
  6 rats
71 creatures vanquished.

Notes
Turn   | Place    | Note
-------+----------+-------------------------------------------
     0 | D:1      | ChaosChampion the Draconian Warper began the quest for the
                  | Orb.
     0 | D:1      | Reached XP level 1. HP: 17/17 MP: 3/3
   314 | D:1      | Reached XP level 2. HP: 25/25 MP: 5/5
   843 | D:1      | Learned a level 2 spell: Blink
   889 | D:1      | Reached XP level 3. HP: 30/30 MP: 6/6
  1602 | D:2      | Found a faded altar of an unknown god.
  1740 | D:2      | Reached XP level 4. HP: 31/37 MP: 7/7
  3069 | D:3      | Found a hide-covered altar of Uskayaw.
  3152 | D:3      | Found Yguossoph's Magic Scroll Shop.
  3174 | D:3      | Bought a scroll of identify for 20 gold pieces
  3174 | D:3      | Bought a scroll of identify for 20 gold pieces
  3174 | D:3      | Bought a scroll of identify for 20 gold pieces
  3274 | D:3      | Gained mutation: You have large cloven feet. [potion of
                  | mutation]
  3274 | D:3      | Gained mutation: You are frail. (-10% HP) [potion of
                  | mutation]
  3275 | D:3      | Lost mutation: You are frail. (-10% HP) [potion of
                  | mutation]
  3275 | D:3      | Lost mutation: You have large cloven feet. [potion of
                  | mutation]
  3275 | D:3      | Gained mutation: You are agile. (Dex +2) [potion of
                  | mutation]
  3275 | D:3      | Gained mutation: You have sharp toenails. [potion of
                  | mutation]
  3275 | D:3      | Gained mutation: You are robust. (+10% HP) [potion of
                  | mutation]
  3349 | D:3      | Reached XP level 5. HP: 48/49 MP: 9/9
  3608 | D:4      | Found a staircase to the Ecumenical Temple.
  3621 | Temple   | Entered the Ecumenical Temple
  3823 | Temple   | Became a worshipper of Warmaster Okawaru
  3878 | D:4      | Killed from afar by an orc priest

Illustrated notes

Levels and vault maps discovered:
D:1:      minmay_arrival_diagonal_passages, layout_loops_corners
D:2:      layout_rooms, chequers_ecumenical_altar_grove
D:3:      layout_basic, nicolae_overflow_crystal_walls, serial_shops, shop
D:4:      layout_basic, mainiacjoe_overflow_24_doors, minmay_temple_entry_waves,
          lightli_sewer_entry_pipes, palyth_stone_intersect, uniq_edmund
Temple:   nicolae_temple_elliptical

Skill      XL: |  1  2  3  4 |
---------------+-------------+-----
Unarmed Combat | 3 |  3.9
Fighting       | 3 |  3.5
Throwing       | |  0.8
Dodging        | |  2.1
Spellcasting   | |  2.9
Translocations | |  3.8

Action                   |  1- 3 |  4- 6 || total
-------------------------+-------+-------++-------
Melee: Unarmed           |   181 |   109 ||   290
       Tailslap          |    15 |    12 ||    27
       Punch             |     1 |     3 ||     4
       Kick              |       |     7 ||     7
 Cast: Blink             |       |     2 ||     2
  Use: Scroll            |       |     8 ||     8
       Potion            |       |     2 ||     2
Armor: Skin              |    88 |    40 ||   128
Dodge: Dodged            |   140 |    90 ||   230

Table legend: (Time is in decaauts)
 A = Elapsed time spent in this place.
 B = Non-inter-level travel time spent in this place.
 C = Inter-level travel time spent in this place.
 D = Time resting spent in this place.
 E = Time spent auto-exploring this place.
 F = Levels seen in this place.
 G = Mean time per level.
                   A        B        C        D        E       F      G
               +--------+--------+--------+--------+--------+-----+--------+
         Total |   3868 |   3816 |     52 |    840 |   2209 |   5 |  773.6 |
       Dungeon |   3654 |   3602 |     52 |    840 |   2035 |   4 |  913.5 |
        Temple |    213 |    213 |      0 |      0 |    174 |   1 |  213.0 |
               +--------+--------+--------+--------+--------+-----+--------+

Top non-repeatable levels by time:
     D:2: 1484 daAuts
     D:1: 1106 daAuts
     D:3: 984 daAuts
  Temple: 213 daAuts
     D:4: 79 daAuts
